 Dungeon Crawl Stone Soup version 0.28.0-47-ge53b351184 (webtiles) character file.

Game seed: 4197859316509545301

13091 PACMANKE the Tainter (level 11, -8/68 HPs)
             Began as a Demonspawn Venom Mage on Apr 28, 2022.
             Was a Priest of Hepliaklqana.
             Mangled by a shadow (18 damage)
             ... on level 12 of the Dungeon on May 1, 2022.
             The game lasted 01:21:53 (13208 turns).

PACMANKE the Tainter (Demonspawn Venom Mage)       Turns: 13208, Time: 01:21:54

Health: -8/68      AC: 17    Str:  9    XL:     11   Next: 71%
Magic:  33/33      EV: 15    Int: 20    God:    Hepliaklqana [***...]
Gold:   733        SH:  0    Dex: 18    Spells: 14/29 levels left

rFire   + . .      SeeInvis .   d - +1 short sword (chaos)
rCold   . . .      Faith    .   (no shield)
rNeg    . . .      Spirit   .   x - +2 steam dragon scales
rPois   +          Reflect  .   (helmet restricted)
rElec   .          Harm     .   o - +2 cloak {rPois}
rCorr   .          Rampage  .   g - +2 pair of gloves
Will    .....                   (no boots)
Stlth   ++++......              b - amulet of regeneration
HPRegen 1.01/turn               e - +4 ring of protection
MPRegen 0.23/turn               p - ring of magical power

@: no status effects
A: reduced essence, antennae 2, thin skeletal structure 2, demonic magic 2, fire
resistance 1, robust 1, MP-powered wands
a: Renounce Religion, Recall Ancestor, Ancestor Identity, Transference


You were on level 12 of the Dungeon.
You worshipped Hepliaklqana.
Hepliaklqana was most pleased with you.
You visited 3 branches of the dungeon, and saw 14 of its levels.

You collected 733 gold pieces.

Inventory:

Hand Weapons
 d - a +1 short sword of chaos (weapon)
 v - a +5 vorpal long sword
Missiles
 y - 6 silver javelins (quivered)
Armour
 c - a scarf of resistance
 g - a +2 pair of gloves (worn)
 o - a +2 cloak of poison resistance (worn)
 x - +2 steam dragon scales (worn)
Jewellery
 b - an amulet of regeneration (around neck)
 e - a +4 ring of protection (left hand)
 k - a ring of positive energy
 l - a +4 ring of evasion
 n - a ring of resist corrosion
 p - a ring of magical power (right hand)
 z - a ring of see invisible
 A - a +6 ring of strength
Wands
 h - a wand of flame (51)
 j - a wand of polymorph (2)
 m - a wand of iceblast (8)
 q - a wand of acid (19)
 t - a wand of paralysis (2)
Scrolls
 f - a scroll of holy word
 i - 2 scrolls of amnesia
 C - a scroll of identify
Potions
 s - a potion of flight
 w - a potion of curing
 B - a potion of brilliance
Miscellaneous
 r - a phantom mirror (inert)


   Skills:
 - Level 0.3 Fighting
 + Level 6.7 Short Blades
 + Level 0.2 Throwing
 + Level 6.0 Dodging
 - Level 1.7 Stealth
 - Level 0.1 Unarmed Combat
 + Level 9.9 Spellcasting
 + Level 2.9 Conjurations
 + Level 4.8 Transmutations
 + Level 3.4 Air Magic
 + Level 10.4 Poison Magic
 + Level 0.5 Evocations


You had 14 spell levels left.
You knew the following spells:

 Your Spells              Type           Power      Damage    Failure   Level
a - Sting                 Tmut/Pois      100%       1d8       1%          1
b - Poisonous Vapours     Pois/Air       74%        N/A       1%          2
c - Olgreb's Toxic Radia  Pois           51%        N/A       1%          4
d - Shock                 Conj/Air       88%        1d8       1%          1
e - Mephitic Cloud        Conj/Pois/Air  32%        N/A       1%          3
f - Airstrike             Air            11%        N/A       17%         4

Your spell library contained the following spells:

 Spells                   Type           Power      Damage    Failure   Level
 Swiftness                Air            23%        N/A       4%          3
 Alistair's Intoxication  Tmut/Pois      26%        N/A       9%          5
 Sublimation of Blood     Necr           9%         N/A       11%         2
 Gell's Gravitas          Tloc           9%         N/A       22%         3
 Lesser Beckoning         Tloc           9%         N/A       22%         3
 Ozocubu's Armour         Ice            9%         N/A       22%         3
 Teleport Other           Tloc           9%         N/A       22%         3
 Tukima's Dance           Hex            9%         N/A       22%         3
 Petrify                  Tmut/Erth      19%        N/A       26%         4
 Irradiate                Conj/Tmut      12%        3d18      36%         5
 Eringya's Noxious Bog    Tmut/Pois      20%        N/A       43%         6
 Anguish                  Hex/Necr       4%         N/A       56%         4
 Passage of Golubria      Tloc           9%         N/A       56%         4
 Yara's Violent Unravell  Hex/Tmut       9%         3d6       56%         5
 Borgnjor's Vile Clutch   Necr/Erth      4%         N/A       89%         5
 Metabolic Englaciation   Hex/Ice        4%         N/A       89%         5
 Simulacrum               Ice/Necr       4%         N/A       100%        6
 Enfeeble                 Hex            4%         N/A       100%        7
 Ozocubu's Refrigeration  Ice            4%         4d5       100%        7


Dungeon Overview and Level Annotations

Branches:
Dungeon (12/15)            Temple (1/1) D:5            Lair (0/6) D:10
    Orc (1/2) D:12

Altars:
Ashenzari
Cheibriados
Dithmenos
Elyvilon
Fedhas
Gozag
Hepliaklqana
Kikubaaqudgha
Makhleb
Nemelex Xobeh
Okawaru
Qazlal
Ru
Sif Muna
Trog
Uskayaw
Vehumet
Wu Jian
Xom
Yredelemnul
Zin
The Shining One

Shops:
D:9 =


Innate Abilities, Weirdness & Mutations

Your life essence is reduced to manifest your ancestor. (-10% HP)
You have a pair of antennae on your head.
You have a moderately thin skeletal structure. (Dex +4, Stealth++)
Spells you cast may paralyse nearby enemies.
Your flesh is heat resistant. (rF+)
You are robust. (+10% HP)
You expend magic power (3 MP) to strengthen your wands.


Message History

The shadow slips into darkness.
The shadow flickers and vanishes!
The black mamba bites you but does no damage.
Something hits you but does no damage. The komodo dragon closely misses you.
Something hits you but does no damage. The black mamba closely misses you.
The wraith completely misses you.
The komodo dragon completely misses you.
The black mamba bites you but does no damage.
Something hits you but does no damage. Something barely misses you.
Something hits you!
Something hits you but does no damage. x2
A slime creature and a skeletal warrior come into view.
The slime creature quivers.
Something hits you.
The gargoyle hurls a stone arrow at you.
The stone arrow hits something!
Something closely misses you. Something hits you but does no damage.
Something hits you but does no damage. x2
The slime creature hits you but does no damage.
Something hits you but does no damage.
The skeletal warrior hits you from afar with a +0 glaive!!
* * * LOW HITPOINT WARNING * * *
The slime creature misses you. Something hits you but does no damage.
The skeletal warrior misses you. Something hits you but does no damage.
The slime creature hits you.
* * * LOW HITPOINT WARNING * * *
Something hits you but does no damage.
The skeletal warrior closely misses you.
The komodo dragon looks more healthy.
The skeletal warrior hits you from afar with a +0 glaive.
* * * LOW HITPOINT WARNING * * *
Something hits you but does no damage.
A vampire mosquito comes into view.
Something hits you but does no damage.
The black mamba changes into a culicivora!
Something barely misses you.
The shadow strikes at you from the darkness!
You die...

..... .... ... ..
####################
..Z......Z...sJ....###
.........Z..Wl.{.....##
............9.z{@.....#
......................#
###############........#
###......# #..{..#
.....# #y...# ....#


You could see a skeletal warrior, a slime creature, a komodo dragon, a
culicivora shaped shifter, a wraith, a vampire mosquito (dormant), a gargoyle, a
goblin zombie and an ogre zombie.

Vanquished Creatures
  2 two-headed ogres
  Urug (D:11)
  A steelbarb worm (shapeshifter) (D:5)
  Pikel (D:7)
  A cyclops (D:11)
  2 kobold demonologists (D:11)
  A komodo dragon (D:10)
  2 trolls
  A hornet (D:9)
  Grinder (D:4)
  Sigmund (D:4)
  3 wraiths
  A wyvern (D:9)
  A steam dragon (D:8)
  A basilisk (D:12)
  12 yaks
  Grum (D:11)
  3 water moccasins
  2 orc warriors
  An ogre (D:4)
  A sky beast (D:6)
  3 centaurs
  A wolf (D:11)
  3 lemures (D:7)
  5 kobold brigands
  2 gnoll sergeants
  3 bullfrogs
  3 scorpions
  A water moccasin zombie (D:5)
  A water moccasin skeleton (D:5)
  3 howler monkeys
  2 centaur zombies
  A hound (D:4)
  2 bullfrog skeletons
  2 gnoll shamans
  8 orc priests
  Crazy Yiuf (D:5)
  7 iguanas
  8 orc wizards
  A killer bee zombie (D:6)
  An ogre zombie (D:12)
  2 howler monkey zombies
  14 gnolls
  3 howler monkey skeletons
  5 adders
  A white imp (D:8)
  An adder skeleton (D:4)
  2 worms
  A dart slug (D:1)
  28 orcs
  8 ball pythons
  6 bats
  7 endoplasms
  6 giant cockroaches
  5 goblins
  4 hobgoblins
  10 jackals (D:1)
  6 quokkas
  2 frilled lizards
  2 goblin zombies (D:12)
  A hobgoblin zombie (D:12)
  25 kobolds
  2 orc skeletons (D:12)
  5 orc zombies (D:12)
  9 rats
  A spectral goblin (D:3)
254 creatures vanquished.

Vanquished Creatures (collateral kills)
  A deep elf pyromancer (D:10)
  An unseen horror (D:12)
  A troll (D:10)
  A yak (D:10)
  2 steam dragons
  2 vampire mosquitoes (D:11)
  An acid dragon (D:10)
  A centaur (D:11)
  A kobold brigand (D:9)
  A bullfrog (D:10)
  An orc wizard (D:11)
  3 ogre zombies (D:12)
  An orc (D:11)
  A goblin skeleton (D:12)
  A goblin zombie (D:12)
  A hobgoblin skeleton (D:12)
  A hobgoblin zombie (D:12)
  7 orc zombies (D:12)
28 creatures vanquished.

Vanquished Creatures (others)
  5 ancestors
  3 knights
  A killer bee zombie (D:6)
  A hound skeleton (D:4)
  27 fungi (D:10)
  49 plants (D:10)
86 creatures vanquished.

Grand Total: 368 creatures vanquished

Notes
Turn   | Place    | Note
-------+----------+-------------------------------------------
     0 | D:1      | PACMANKE the Demonspawn Venom Mage began the quest for the
                  | Orb.
     0 | D:1      | Reached XP level 1. HP: 13/13 MP: 3/3
    15 | D:1      | Noticed a minotaur zombie
    19 | D:1      | Noticed a minotaur zombie
    36 | D:1      | Reached skill level 1 in Transmutations
   470 | D:1      | Gained mutation: You have a somewhat thin skeletal
                  | structure. (Dex +2, Stealth+) [demonic ancestry]
   470 | D:1      | Reached XP level 2. HP: 11/19 MP: 0/5
   825 | D:1      | Learned a level 2 spell: Poisonous Vapours
  1353 | D:1      | Gained mutation: You have a pair of small antennae on your
                  | head. [demonic ancestry]
  1353 | D:1      | Reached XP level 3. HP: 18/24 MP: 3/6
  2097 | D:2      | Reached skill level 4 in Poison Magic
  2446 | D:2      | Gained mutation: Spells you cast may paralyse adjacent
                  | enemies. [demonic ancestry]
  2446 | D:2      | Reached XP level 4. HP: 30/30 MP: 1/7
  3597 | D:3      | Learned a level 4 spell: Olgreb's Toxic Radiance
  3648 | D:3      | Found a faded altar of an unknown god.
  4319 | D:4      | Gained mutation: You have a pair of antennae on your head.
                  | [demonic ancestry]
  4319 | D:4      | Reached XP level 5. HP: 35/35 MP: 9/9
  4731 | D:4      | Reached skill level 1 in Short Blades
  4731 | D:4      | Reached XP level 6. HP: 31/41 MP: 1/10
  4817 | D:4      | Noticed Grinder
  4855 | D:4      | Noticed Sigmund
  4877 | D:4      | Killed Sigmund
  4878 | D:4      | Reached skill level 5 in Poison Magic
  4881 | D:4      | Paralysed by Grinder for 4 turns
  4944 | D:4      | Paralysed by Grinder for 2 turns
  4970 | D:4      | Paralysed by Grinder for 6 turns
  5000 | D:4      | Paralysed by Grinder for 5 turns
  5009 | D:4      | Killed Grinder
  5010 | D:4      | Reached XP level 7. HP: 34/46 MP: 9/12
  5649 | D:4      | Noticed a shapeshifter
  5649 | D:4      | a killer bee changed into a shapeshifter
  5649 | D:4      | Noticed a komodo dragon
  5649 | D:4      | a shapeshifter changed into a komodo dragon
  5734 | D:4      | Noticed a cyclops
  5734 | D:4      | a komodo dragon changed into a cyclops
  5739 | D:5      | Entered Level 5 of the Dungeon
  5748 | D:5      | Noticed a steelbarb worm
  5748 | D:5      | a cyclops changed into a steelbarb worm
  5749 | D:5      | Noticed a slime creature
  5749 | D:5      | a steelbarb worm changed into a slime creature
  5759 | D:5      | Noticed a steelbarb worm
  5759 | D:5      | a slime creature changed into a steelbarb worm
  5765 | D:6      | Noticed a yak
  5765 | D:6      | Noticed a yak
  5765 | D:6      | Noticed a yak
  5765 | D:6      | Noticed a yak
  5765 | D:6      | Noticed a yak
  5775 | D:5      | Gained mutation: You have hidden genetic potential. [potion
                  | of mutation]
  5775 | D:5      | Gained mutation: You expend magic power (3 MP) to
                  | strengthen your wands. [potion of mutation]
  5800 | D:5      | Killed a steelbarb worm
  5801 | D:5      | Reached skill level 5 in Spellcasting
  5801 | D:5      | Reached skill level 6 in Poison Magic
  5801 | D:5      | Reached XP level 8. HP: 33/52 MP: 9/16
  5805 | D:5      | Gained mutation: You are robust. (+10% HP) [hidden
                  | potential]
  6001 | D:5      | Found a staircase to the Ecumenical Temple.
  6041 | Temple   | Entered the Ecumenical Temple
  6830 | D:5      | Found a runed translucent door.
  6831 | D:5      | Noticed Crazy Yiuf
  6905 | D:5      | Killed Crazy Yiuf
  6971 | D:6      | Reached skill level 1 in Air Magic
  6971 | D:6      | Gained mutation: You have a moderately thin skeletal
                  | structure. (Dex +4, Stealth++) [demonic ancestry]
  6971 | D:6      | Reached XP level 9. HP: 54/62 MP: 15/17
  6983 | D:6      | Reached skill level 7 in Poison Magic
  6991 | D:6      | Gained mutation: Your flesh is heat resistant. (rF+)
                  | [hidden potential]
  6991 | D:6      | Lost mutation: You have hidden genetic potential. [hidden
                  | potential expressed]
  7781 | D:7      | Learned a level 1 spell: Shock
  7785 | D:7      | Learned a level 3 spell: Mephitic Cloud
  8050 | D:7      | Noticed a troll
  8081 | D:7      | Killed a troll
  8371 | D:7      | Noticed Pikel
  8400 | D:7      | Killed Pikel
  8401 | D:7      | Reached skill level 5 in Short Blades
  8921 | D:8      | Reached skill level 8 in Poison Magic
  8921 | D:8      | Gained mutation: Spells you cast may paralyse nearby
                  | enemies. [demonic ancestry]
  8921 | D:8      | Reached XP level 10. HP: 69/69 MP: 20/20
  9108 | Temple   | Became a worshipper of Hepliaklqana the Forgotten
  9225 | D:8      | Reached skill level 1 in Conjurations
  9279 | D:8      | Reached skill level 5 in Dodging
  9614 | D:8      | Noticed a two-headed ogre
  9645 | D:8      | Killed a two-headed ogre
  9732 | D:8      | Identified the +5 ring mail "Muigies" {SInv}
  9975 | D:9      | Reached * piety under Hepliaklqana
 10277 | D:9      | Reached skill level 9 in Poison Magic
 10532 | D:9      | Noticed a two-headed ogre
 10541 | D:9      | Killed a two-headed ogre
 10660 | D:9      | Found Ponluz's Jewellery Shoppe.
 10838 | D:10     | Entered Level 10 of the Dungeon
 10889 | D:10     | Found a staircase to the Lair.
 10889 | D:10     | Noticed a deep elf pyromancer
 10904 | D:10     | Killed a deep elf pyromancer
 10905 | D:10     | Reached XP level 11. HP: 52/68 MP: 13/23
 11107 | D:10     | Learned a level 4 spell: Airstrike
 11160 | D:11     | Reached ** piety under Hepliaklqana
 11161 | D:11     | Remembered your ancestor Tenoch as a knight
 11424 | D:11     | Noticed Urug
 11691 | D:11     | Killed Urug
 11692 | D:11     | Reached skill level 10 in Poison Magic
 12088 | D:11     | Noticed Grum
 12101 | D:11     | Killed Grum
 12230 | D:10     | Noticed a sun demon
 12453 | D:10     | Found a blossoming altar of Fedhas.
 13087 | D:12     | Found a staircase to the Orcish Mines.
 13119 | Orc:1    | Entered Level 1 of the Orcish Mines
 13120 | Orc:1    | HP: 1/68 [something (7)]
 13121 | Orc:1    | Noticed an orc knight
 13162 | D:12     | Reached *** piety under Hepliaklqana
 13199 | D:12     | Noticed a skeletal warrior
 13208 | D:12     | Mangled by a shadow

Illustrated notes

Levels and vault maps discovered:
D:1:      shiori_arrival_whats_in_store_for_you, layout_loops_ring,
          serial_rivers, chequers_serial_rivers_micro_b,
          chequers_serial_rivers_micro_e, chequers_serial_rivers_marsh,
          chequers_serial_rivers_room_a, minmay_pentomino_o4
D:2:      layout_basic, kennysheep_small_spiral
D:3:      layout_basic, dreamdust_ecumenical_altar_drowned_temple, st_stairs_14,
          dk_noncrumbling_4, minivault_14, minmay_misc_feat_tiny
D:4:      minmay_chambers_of_fours, layout_basic, portal_sewer_entry_f,
          uniq_sigmund, uniq_grinder
D:5:      layout_gridville, minmay_temple_entry_waves, uniq_crazy_yiuf_cottage
D:6:      nicolae_BIG_FREAKIN_CUBE, layout_loops_ring
D:7:      layout_layer_cave, minmay_misc_feat_doors, uniq_pikel
D:8:      layout_rooms, minmay_between
D:9:      layout_gridville, serial_shops, nicolae_diamond_shop
D:10:     layout_loops_ring, fedhas_ov_isle_minmay, due_lair_maze_entry_diamond,
          minmay_misc_feat_room
D:11:     layout_gridville, uniq_urug, uniq_grum
D:12:     minmay_nested_s, layout_basic, zombieorc2_lemuel
Temple:   mainiacjoe_temple_archimedes_tessellation
Orc:1:    layout_caves

Skill      XL: |  1  2  3  4  5  6  7  8  9 10 11 |
---------------+----------------------------------+-----
Transmutations | 1 2 3 4 |  4.8
Poison Magic   | 4 5 6 8 9 10 | 10.4
Dodging        | 2 3 4 5 6 |  6.0
Spellcasting   | 3 5 7 8 9 |  9.9
Short Blades   | 1 2 3 5 6 |  6.7
Air Magic      | 1 2 3 |  3.4
Conjurations   | 2 |  2.9
Fighting       | |  0.3
Throwing       | |  0.2
Stealth        | |  1.7
Unarmed Combat | |  0.1
Evocations     | |  0.5

Action                   |  1- 3 |  4- 6 |  7- 9 | 10-12 || total
-------------------------+-------+-------+-------+-------++-------
Melee: Unarmed           |    33 |       |       |       ||    33
       Punch             |     2 |     2 |     3 |     8 ||    15
       Short sword       |    10 |   129 |   323 |   391 ||   853
Throw: Javelin           |       |       |       |     5 ||     5
 Cast: Sting             |    66 |    40 |    28 |     9 ||   143
       Poisonous Vapours |     9 |     3 |    26 |       ||    38
       Olgreb's Toxic Ra |       |     4 |    26 |    59 ||    89
       Shock             |       |       |    16 |    62 ||    78
       Mephitic Cloud    |       |       |       |     4 ||     4
       Airstrike         |       |       |       |    11 ||    11
Invok: Ancestor Life: Kn |       |       |       |     1 ||     1
       Ancestor Identity |       |       |       |     1 ||     1
Evoke: Wand              |       |       |     1 |     2 ||     3
       Phantom mirror    |       |       |       |     1 ||     1
  Use: Scroll            |     2 |    10 |     9 |     8 ||    29
       Potion            |       |     2 |     6 |     9 ||    17
 Stab: Sleeping          |       |     4 |       |     1 ||     5
       Paralysed         |       |     2 |     9 |     7 ||    18
       Petrifying        |       |     1 |       |       ||     1
       Petrified         |       |       |     1 |       ||     1
       Distracted        |       |       |       |     1 ||     1
       Confused          |       |       |       |     1 ||     1
Armor: Robe              |    25 |    64 |   128 |    23 ||   240
       Skin              |       |       |    16 |       ||    16
       Steam dragon scal |       |       |       |   163 ||   163
Dodge: Dodged            |    71 |    65 |   198 |   261 ||   595
